 Dungeon Crawl Stone Soup version 0.31-a0-200-gbc41564c69 (webtiles) character file.

Game seed: 6984253563754540342

464 qw the Skirmisher (level 6, -8/35 HPs)
             Began as a Deep Elf Hunter on June 25, 2023.
             Mangled by an iguana (12 damage)
             ... on level 5 of the Dungeon.
             The game lasted 00:01:11 (3110 turns).

qw the Skirmisher (Deep Elf Hunter)                 Turns: 3110, Time: 00:01:12

Health: -8/35      AC:  6    Str:  9    XL:     6   Next: 80%
Magic:  8/8        EV: 11    Int: 13    God:
Gold:   116        SH:  0    Dex: 22    Spells: 5/5 levels left

rFire   . . .        Y - +1 shortbow
rCold   . . .        (shield currently unavailable)
rNeg    . . .        l - +0 ring mail
rPois   +            (no helmet)
rElec   .            m - +0 cloak {rPois}
rCorr   .            (no gloves)
SInv    .            (no boots)
Will    .....        g - amulet of faith
Stlth   ++           (no ring)
HPRegen 0.25/turn    (no ring)
MPRegen 0.11/turn

%: faith
@: no status effects
A: agile 1, wild magic 1
a: no special abilities


You were on level 5 of the Dungeon.
You visited 1 branch of the dungeon, and saw 5 of its levels.

You collected 201 gold pieces.
You spent 85 gold pieces at shops.


Innate Abilities, Weirdness & Mutations

You are agile. (Dex +4, Str/Int -1)
Your spells are a little harder to cast, but a little more powerful.


   Skills:
 - Level 2.1 Fighting
 - Level 10.1 Ranged Weapons
 + Level 0.8 Armour
 - Level 3.2 Dodging
 - Level 1.2 Stealth


You had 5 spell levels left.
You didn't know any spells.
Your spell library was empty.

Inventory:

Hand Weapons
 Y - a +1 shortbow (weapon)
Armour
 d - a +2 ring mail of willpower
 l - a +0 ring mail (worn)
 m - a +0 cloak of poison resistance (worn)
Jewellery
 g - an amulet of faith (around neck)
Scrolls
 a - 2 scrolls of identify
Potions
 b - a potion of cancellation
 c - a potion of brilliance {unknown}
 e - a potion of curing
 f - a potion of enlightenment {unknown}
 h - a potion of berserk rage {unknown}
 j - a potion of invisibility {unknown}
 k - 4 potions of mutation
 n - a potion of might

Dungeon Overview and Level Annotations

Branches:
Dungeon (5/15)
 Temple: D:4-7

Altars:
Makhleb
The Shining One

Shops:
D:1 [   D:4 [


Message History

The iguana bites you but does no damage.
An iguana comes into view.
You shoot an arrow. The iguana hisses angrily.
The arrow hits the iguana.
The iguana is moderately wounded.
The iguana misses you.
You shoot an arrow. The arrow barely misses the iguana.
The iguana barely misses you.
You shoot an arrow.
The arrow hits the iguana but does no damage.
The iguana is moderately wounded.
The iguana bites you.
You shoot an arrow. The arrow completely misses the iguana.
The iguana bites you!
You shoot an arrow.
The arrow hits the iguana but does no damage.
The iguana is moderately wounded.
The iguana bites you!
The iguana hisses menacingly.
You shoot an arrow. The arrow hits the iguana.
The iguana is heavily wounded.
The iguana completely misses you. The iguana barely misses you.
You shoot an arrow.
The arrow hits the iguana but does no damage.
The iguana is heavily wounded.
The iguana closely misses you. The iguana barely misses you.
You shoot an arrow. The arrow hits the iguana.
The iguana is severely wounded.
The iguana misses you. The iguana completely misses you.
You shoot an arrow. The arrow hits the iguana.
You kill the iguana!
The iguana bites you.
You shoot an arrow. The arrow hits the iguana!
The iguana is severely wounded.
The iguana bites you.
You shoot an arrow. The arrow hits the iguana.
The iguana is almost dead.
The iguana bites you!
You die...

####....#
####.## #..##
##..# ##
##.####....
#.......#
#..####.#
#.......#
##.#@%###
#......l..?...
#.##...)####.#
# ####.. ...
###. #? .#


You could see an iguana.

Vanquished Creatures
  An ogre (D:5)
  2 phantoms (D:4)
  An orc priest (D:5)
  2 hounds
  2 iguanas (D:5)
  2 adders (D:5)
  A worm (D:3)
  2 dart slugs
  4 orcs
  5 endoplasms
  2 giant cockroaches (D:1)
  6 goblins
  4 hobgoblins
  3 jackals (D:3)
  2 quokkas
  8 ball pythons
  7 bats
  4 frilled lizards
  2 kobolds
  4 rats
64 creatures vanquished.

Notes
Turn   | Place    | Note
-------+----------+-------------------------------------------
     0 | D:1      | qw the Deep Elf Hunter began the quest for the Orb.
     0 | D:1      | Reached XP level 1. HP: 12/12 MP: 3/3
     0 | D:1      | 0 ||| qw: Version: 0.3-a-22-g0ed2b0b
     0 | D:1      | 0 ||| qw: Game counter: 5519
     0 | D:1      | 0 ||| qw: Melee chars always use a shield: true
     0 | D:1      | 0 ||| qw: God list: Okawaru
     0 | D:1      | 0 ||| qw: Allow faded altars: false
     0 | D:1      | 0 ||| qw: Do Orc after clearing Dungeon:15 true
     0 | D:1      | 0 ||| qw: Do second Lair branch before Depths: true
     0 | D:1      | 0 ||| qw: Lair rune preference: random
     0 | D:1      | 0 ||| qw: Goals: Normal
     0 | D:1      | 0 ||| PLANNING D:1-11
   191 | D:1      | 191 ||| UPGRADING to +0 scale mail.
   206 | D:1      | Reached XP level 2. HP: 10/16 MP: 4/4
   233 | D:1      | 233 ||| DROPPING +0 leather armour.
   261 | D:1      | Reached skill level 6 in Ranged Weapons
   570 | D:1      | Found Ibelix's Antique Armour Boutique.
   581 | D:1      | 581 ||| SHOPLISTING ring mail (104 gold, have 42).
   646 | D:1      | 646 ||| READING scroll labelled NULIUR KANUAD.
   674 | D:1      | 674 ||| READING scroll labelled HOAXZU VINITU.
   675 | D:1      | 675 ||| DRINKING 2 viscous blue potions.
   680 | D:1      | 680 ||| DROPPING scroll of butterflies.
   681 | D:1      | 681 ||| DROPPING potion of ambrosia.
   833 | D:2      | Reached XP level 3. HP: 20/20 MP: 5/5
  1314 | D:2      | 1314 ||| UPGRADING to +0 ring mail.
  1324 | D:2      | 1324 ||| DROPPING +0 scale mail.
  1325 | D:2      | 1325 ||| READING 2 scrolls labelled WUMAHU XOLLO.
  1326 | D:2      | 1326 ||| READING scroll labelled OSO OPOVANAZORPH.
  1327 | D:2      | 1327 ||| READING scroll labelled WANAEZONUH.
  1328 | D:2      | 1328 ||| DRINKING 2 ruby potions.
  1439 | D:3      | Reached skill level 7 in Ranged Weapons
  1893 | D:3      | Found a burning altar of Makhleb.
  1978 | D:3      | 1978 ||| READING scroll labelled QIQOLE NAEHUCU.
  1979 | D:3      | 1979 ||| READING scroll labelled PUQIFFA SUCS.
  1980 | D:3      | 1980 ||| READING 2 scrolls of identify.
  1980 | D:3      | 1980 ||| IDENTIFYING emerald potion
  2166 | D:4      | Found Ukhatomp's Armour Emporium.
  2174 | D:4      | 2174 ||| BUYING +0 cloak of poison resistance (85 gold).
  2174 | D:4      | Bought a +0 cloak of poison resistance for 85 gold pieces
  2174 | D:4      | 2174 ||| SHOPLISTING +1 helmet of see invisible (165 gold,
                  | have 35).
  2319 | D:4      | Noticed a phantom
  2332 | D:4      | Killed a phantom
  2333 | D:4      | Reached skill level 8 in Ranged Weapons
  2333 | D:4      | Reached XP level 4. HP: 16/25 MP: 6/6
  2333 | D:4      | Reached XP level 5. HP: 18/29 MP: 7/7
  2439 | D:4      | Found a glowing golden altar of the Shining One.
  2595 | D:4      | Noticed a phantom
  2611 | D:4      | Killed a phantom
  2612 | D:4      | Reached skill level 9 in Ranged Weapons
  2809 | D:4      | 2809 ||| UPGRADING to +0 cloak of poison resistance.
  2814 | D:4      | 2814 ||| UPGRADING to amulet of faith.
  2819 | D:4      | 2819 ||| READING scroll labelled KODEGU DOFUPHI.
  2824 | D:4      | 2824 ||| READING scroll labelled BUHULL DAWNYC.
  2825 | D:4      | 2825 ||| DRINKING 3 blue potions.
  2825 | D:4      | Gained mutation: You are agile. (Dex +4, Str/Int -1)
                  | [potion of mutation]
  2825 | D:4      | Gained mutation: Your spells are a little harder to cast,
                  | but a little more powerful. [potion of mutation]
  2826 | D:4      | 2826 ||| DRINKING 2 brown potions.
  2839 | D:5      | Entered Level 5 of the Dungeon
  2842 | D:5      | 2842 ||| STAIRDANCE
  2965 | D:5      | Reached skill level 3 in Dodging
  2965 | D:5      | Reached XP level 6. HP: 32/35 MP: 8/8
  3094 | D:5      | Reached skill level 10 in Ranged Weapons
  3104 | D:5      | HP: 5/35 [iguana (8)]
  3109 | D:5      | HP: 4/35 [iguana (1)]
  3110 | D:5      | Mangled by an iguana

Levels and vault maps discovered:
D:1:      wander_arrival_peaceful_grave, layout_basic, serial_shops,
          nicolae_shop_tiny_waterfront, solitary_fountain,
          nicolae_concentric_dashed_squares_wild
D:2:      layout_rooms, serial_bayou_lake_a
D:3:      layout_loops_cross, bloody_makhleb
D:4:      layout_basic, kennysheep_little_box, serial_shops,
          nicolae_shop_tiny_statue_garden
D:5:      layout_basic

Skill      XL: |  1  2  3  4  5  6 |
---------------+-------------------+-----
Ranged Weapons | 6 8 9 10 | 10.1
Fighting       | 2 |  2.1
Dodging        | 3 |  3.2
Armour         | |  0.8
Stealth        | |  1.2

Action                     |  1- 3 |  4- 6 || total
---------------------------+-------+-------++-------
   Fire: Shortbow          |   181 |    75 ||   256
    Use: Scroll            |     8 |     2 ||    10
         Potion            |     2 |     2 ||     4
 Armour: Leather armour    |     3 |       ||     3
         Scale mail        |    39 |       ||    39
         Ring mail         |    14 |    11 ||    25
  Dodge: Dodged            |    50 |    26 ||    76

Table legend:
 A = Non-vault XP
 B = Vault XP
 C = Vault XP percentage of total XP
 D = Non-vault monster count
 E = Vault monster count
 F = Vault count percentage of total count
                 A         B        C        D         E       F
            +---------+---------+-------+---------+---------+-------
      Total |     663 |       0 |   0.0 |      64 |       0 |   0.0
            +---------+---------+-------+---------+---------+-------
        D:1 |      32 |       0 |   0.0 |      21 |       0 |   0.0
        D:2 |      24 |       0 |   0.0 |      12 |       0 |   0.0
        D:3 |      33 |       0 |   0.0 |      16 |       0 |   0.0
        D:4 |     258 |       0 |   0.0 |       6 |       0 |   0.0
        D:5 |     316 |       0 |   0.0 |       9 |       0 |   0.0
            +---------+---------+-------+---------+---------+-------
